 Dungeon Crawl Stone Soup version 0.26-a0-652-gafc20e3620 (webtiles) character file.

Game seed: 13156883331728661935

12105 elmdor the Protected (level 12, -3/95 HPs)
             Began as a Formicid Delver on Oct 3, 2020.
             Was a High Priest of Makhleb.
             Slain by a death yak (18 damage)
             ... on level 9 of the Dungeon on Oct 4, 2020.
             The game lasted 00:45:28 (13677 turns).

elmdor the Protected (Formicid Delver)             Turns: 13677, Time: 00:45:29

Health: -3/95      AC: 27    Str: 20    XL:     12   Next: 16%
Magic:  21/21      EV: 11    Int: 15    God:    Makhleb [*****.]
Gold:   179        SH:  0    Dex: 12    Spells: 11/11 levels left

rFire    . . .     SeeInvis +   a - +5 battleaxe
rCold    + . .     Faith    +   (no shield)
rNeg     . . .     Spirit   .   P - +8 chain mail of Vehumet's Anger {rPois MP+9 Int+3 SInv}
rPois    +         Reflect  .   (helmet unavailable)
rElec    +         Harm     .   O - +0 cloak {rCorr}
rCorr    +         Rampage  .   n - +0 pair of gloves
MR       +....                  r - +2 pair of boots
Stlth    ..........             h - amulet of faith
HPRegen  0.25/turn              K - ring of protection from cold
MPRegen  0.17/turn              (no ring)

@: no status effects
A: permanent stasis, dig shafts and tunnels, four strong arms, antennae 3,
talons 1, electricity resistance, MP-powered wands
a: Dig, Shaft Self, Minor Destruction, Lesser Servant of Makhleb, Major
Destruction, Greater Servant of Makhleb, Renounce Religion


You were on level 9 of the Dungeon.
You worshipped Makhleb.
Makhleb was extremely pleased with you.
You visited 2 branches of the dungeon, and saw 11 of its levels.
You also visited: Sewer and Ossuary.

You collected 543 gold pieces.
You spent 364 gold pieces at shops.

Inventory:

Hand Weapons
 a - a +5 battleaxe (weapon)
 q - a +0 war axe
 v - a +0 falchion of flaming
Missiles
 g - 284 stones
 j - 6 datura-tipped darts
 t - 45 poisoned darts (quivered)
 x - 5 boomerangs
 A - 94 sling bullets
 C - 9 atropa-tipped darts
 J - a curare-tipped dart
Armour
 d - a scarf of shadows
 n - a +0 pair of gloves (worn)
 r - a +2 pair of boots (worn)
 O - a +0 cloak of preservation (worn)
 P - the +8 chain mail of Vehumet's Anger (worn) {rPois MP+9 Int+3 SInv}
   (You found it on level 8 of the Dungeon)

   It affects your intelligence (+3).
   It protects you from poison.
   It affects your magic capacity (+9).
   It lets you see invisible.
Jewellery
 b - an uncursed ring of wizardry
 h - an amulet of faith (around neck)
 K - a ring of protection from cold (left hand)
 Q - an uncursed ring of ice
Wands
 f - a wand of digging (10)
 l - a wand of flame (8)
 u - a wand of iceblast (5)
 y - a wand of random effects (48)
 z - a wand of enslavement (11)
Scrolls
 c - 2 scrolls of fog
 e - 3 scrolls of fear
 k - a scroll of magic mapping
 p - 12 scrolls of remove curse
 w - 3 scrolls of enchant weapon
 B - a scroll of vulnerability
 F - a scroll of identify
 L - 5 scrolls of immolation
Potions
 i - 3 potions of magic
 m - 4 potions of brilliance
 o - 7 potions of heal wounds
 s - 3 potions of mutation
 D - 6 potions of curing
 E - 3 potions of lignification
 G - 2 potions of flight
 H - 5 potions of might
 I - 3 potions of stabbing
 M - a potion of invisibility
 N - 4 potions of resistance


   Skills:
 - Level 9.0 Fighting
 - Level 9.5 Axes
 + Level 13.7 Armour
 - Level 5.5 Dodging
 - Level 6.0 Stealth


You had 11 spell levels left.
You didn't know any spells.
Your spell library contained the following spells:

 Spells                   Type           Power        Failure   Level
 Corona                   Hex            #......      83%         1
 Magic Dart               Conj           #...         83%         1
 Sandblast                Erth           #.....       83%         1
 Call Imp                 Summ           #.......     93%         2
 Ensorcelled Hibernation  Hex/Ice        #.....       93%         2
 Passwall                 Tmut/Erth      #.......     93%         2
 Slow                     Hex            #.......     93%         2
 Confusing Touch          Hex            #.......     99%         3
 Conjure Flame            Conj/Fire      #.......     99%         3
 Dazzling Flash           Conj/Hex       #.....       99%         3
 Mephitic Cloud           Conj/Pois/Air  #.......     99%         3
 Stone Arrow              Conj/Erth      #.....       99%         3
 Tukima's Dance           Hex            #.......     99%         3
 Cause Fear               Hex            #.........   100%        4
 Petrify                  Tmut/Erth      #.......     100%        4
 Lee's Rapid Deconstruct  Erth           #.........   100%        5
 Silence                  Hex/Air        #.........   100%        5
 Yara's Violent Unravell  Hex/Tmut       #.........   100%        5
 Discord                  Hex            #.........   100%        8
 Blink                    Tloc           Unusable     N/A         2

Dungeon Overview and Level Annotations

Branches:
Dungeon (10/15)            Temple (1/1) D:5           Sewer (visited)
Ossuary (visited)
   Lair: D:8-11         Orc: D:9-12

Altars:
Ashenzari
Cheibriados
Dithmenos
Elyvilon
Fedhas
Gozag
Hepliaklqana
Kikubaaqudgha
Makhleb
Nemelex Xobeh
Okawaru
Qazlal
Ru
Sif Muna
Trog
Uskayaw
Vehumet
Wu Jian
Xom
Yredelemnul
Zin
The Shining One

Shops:
D:4 !   D:8 !


Innate Abilities, Weirdness & Mutations

You cannot be hasted, slowed, berserked, paralysed or teleported.
You can dig through walls and to a lower floor.
Your four strong arms can wield two-handed weapons with a shield.
You have a pair of large antennae on your head. (SInv)
You have sharp toenails.
You are resistant to electric shocks. (rElec)
You expend magic power (3 MP) to strengthen your wands.


Message History

You dig through the rock wall.
You retract your mandibles.
There is a stone staircase leading up here.
The death yak gores you.
* * * LOW HITPOINT WARNING * * *
You climb upwards.
There is a stone staircase leading down here.
You barely miss the death yak.
The death yak is heavily wounded.
The death yak closely misses you.
Okay, then.
Okay, then.
Evoke which item? (* to show all) (? for menu, Esc to quit)
Okay, then.
Are you sure you want to shaft yourself?
The death yak gores you.
* * * LOW HITPOINT WARNING * * *
You begin to dig a shaft.
You continue digging a shaft.
The death yak gores you!!
You die...

#..........######
#................
#...........###..
#...........###..
###...####.......
#########.........###...
#..........[............
#............####.###...
#.....Y@.....##.........
##########...##.##.#####
#######......#..#
##.....#....##..##
##..........###.#######
#...............##.....
#..........######...?..
#..........# #.......
#.........## #.......


You could see a death yak.

Vanquished Creatures
  Josephine (D:10)
  A hydra (D:8)
  Fannar (D:10)
  4 death yaks (D:10)
  A centaur skeleton (D:8)
  Grinder (D:4)
  2 dream sheep (D:8)
  A hornet (D:8)
  A hippogriff (D:7)
  4 wraiths
  3 yaks (D:9)
  2 wyverns
  5 ice beasts
  A sky beast (D:8)
  A black bear (D:9)
  5 orc warriors
  A phantom (D:4)
  5 ogres
  The ghost of GoodGuyCap the Slasher, an amateur DsCK of Xom (D:3)
  2 centaurs (D:9)
  A crocodile (D:8)
  6 big kobolds
  A wyvern zombie (D:8)
  5 bullfrogs
  A water moccasin zombie (D:9)
  4 scorpions
  5 howler monkeys
  4 wights (D:9)
  A bullfrog zombie (D:7)
  2 hounds
  2 jellies
  A human zombie (Ossuary)
  4 orc priests
  12 orc wizards
  A bullfrog skeleton (D:6)
  5 iguanas
  9 worker ants
  2 big kobold zombies (Ossuary)
  A hound zombie (D:7)
  5 mummies
  A worker ant zombie (D:6)
  4 gnolls (D:5)
  10 adders
  12 river rats
  A white imp (D:6)
  An ufetubus (D:9)
  3 oozes
  3 adder zombies
  2 adder skeletons (D:7)
  A worm (D:2)
  3 dart slugs
  4 leopard geckos
  27 orcs
  7 bats
  4 giant cockroaches
  8 goblins
  8 hobgoblins
  8 jackals
  5 quokkas
  8 ball pythons
  9 frilled lizards
  A gnoll zombie (Ossuary)
  A goblin zombie (Ossuary)
  2 hobgoblin zombies
  2 jackal zombies
  25 kobolds
  A kobold zombie (Ossuary)
  A leopard gecko skeleton (D:2)
  A leopard gecko zombie (D:7)
  2 orc zombies
  A quokka skeleton (D:2)
  17 rats
298 creatures vanquished.

Vanquished Creatures (others)
  Maurice (D:9)
  A worker ant zombie (D:9)
  2 plants (D:4)
  A withered plant (D:2)
5 creatures vanquished.

Grand Total: 303 creatures vanquished

Notes
Turn   | Place    | Note
-------+----------+-------------------------------------------
     0 | D:5      | elmdor the Formicid Delver began the quest for the Orb.
     0 | D:5      | Reached XP level 1. HP: 18/18 MP: 1/1
     8 | D:5      | Found a sparkling altar of Nemelex Xobeh.
   115 | D:4      | Found Doiguthi's Distillery.
   126 | D:4      | Noticed a worker ant
   133 | D:4      | Noticed Grinder
   198 | D:4      | Reached XP level 2. HP: 4/24 MP: 2/2
   565 | D:4      | Reached XP level 3. HP: 25/29 MP: 3/3
   619 | D:4      | Noticed a phantom
   678 | D:4      | Reached XP level 4. HP: 33/35 MP: 4/4
   702 | D:4      | Reached XP level 5. HP: 11/41 MP: 5/5
  1054 | D:3      | Found a large runed translucent door.
  1054 | D:3      | Found a large runed translucent door.
  1060 | D:3      | Noticed GoodGuyCap's ghost (amateur DsCK)
  1083 | D:3      | Reached skill level 5 in Axes
  2331 | D:2      | Noticed a bullfrog
  2597 | D:2      | Found a snail-covered altar of Cheibriados.
  2621 | D:2      | Noticed an ogre
  2700 | D:2      | You fall into a shaft and drop 1 floor!
  2814 | D:2      | Reached XP level 6. HP: 46/47 MP: 6/6
  2822 | D:2      | Found a shimmering altar of Xom.
  3068 | D:3      | Found a hide-covered altar of Uskayaw.
  3467 | D:4      | Reached skill level 1 in Armour
  3737 | D:4      | Killed a phantom
  3737 | D:4      | Reached skill level 2 in Armour
  3737 | D:4      | Reached XP level 7. HP: 25/55 MP: 7/7
  4692 | D:3      | Killed GoodGuyCap's ghost
  4692 | D:3      | Reached skill level 3 in Armour
  4845 | D:4      | Reached skill level 5 in Fighting
  4845 | D:4      | Reached XP level 8. HP: 34/62 MP: 8/8
  5216 | D:4      | Reached skill level 4 in Armour
  5499 | D:5      | Found a staircase to the Ecumenical Temple.
  5519 | Temple   | Entered the Ecumenical Temple
  5576 | Temple   | Became a worshipper of Makhleb the Destroyer
  6068 | D:5      | Found a sacrificial altar of Ru.
  6460 | D:5      | Reached skill level 5 in Armour
  6940 | D:6      | Found a glowing drain.
  6965 | D:6      | Reached XP level 9. HP: 49/71 MP: 9/9
  7011 | Sewer    | Entered a sewer
  7090 | Sewer    | Reached * piety under Makhleb
  7564 | Sewer    | Reached ** piety under Makhleb
  8679 | D:7      | Found an ornate altar of the Wu Jian Council.
  8679 | D:7      | Found a basalt altar of Yredelemnul.
  8900 | D:7      | Noticed a hippogriff
  8910 | D:7      | Killed a hippogriff
  9126 | D:7      | Reached *** piety under Makhleb
  9159 | D:7      | Found a white marble altar of Elyvilon.
  9198 | D:7      | Found a sand-covered staircase.
  9205 | Ossuary  | Entered an ossuary
  9348 | Ossuary  | Gained mutation: You are weak. (Str -2) [potion of
                  | mutation]
  9348 | Ossuary  | Gained mutation: You expend magic power (3 MP) to
                  | strengthen your wands. [potion of mutation]
  9349 | Ossuary  | Lost mutation: You are weak. (Str -2) [potion of mutation]
  9349 | Ossuary  | Lost mutation: You expend magic power (3 MP) to strengthen
                  | your wands. [potion of mutation]
  9349 | Ossuary  | Gained mutation: You expend magic power (3 MP) to
                  | strengthen your wands. [potion of mutation]
  9349 | Ossuary  | Gained mutation: You have sharp toenails. [potion of
                  | mutation]
  9349 | Ossuary  | Gained mutation: You are resistant to electric shocks.
                  | (rElec) [potion of mutation]
 10138 | D:4      | Bought a potion of lignification for 42 gold pieces
 10138 | D:4      | Bought a potion of degeneration for 14 gold pieces
 10138 | D:4      | Bought a potion of invisibility for 112 gold pieces
 10138 | D:4      | Bought a potion of might for 56 gold pieces
 10138 | D:4      | Bought a potion of resistance for 140 gold pieces
 10334 | D:4      | Killed Grinder
 10334 | D:4      | Reached XP level 10. HP: 53/82 MP: 10/10
 10464 | D:8      | Found an opulent altar of Gozag.
 10495 | D:8      | Reached skill level 5 in Dodging
 10715 | D:8      | Got a smoking chain mail
 10726 | D:8      | Identified the +8 chain mail of Vehumet's Anger {rPois MP+9
                  | Int+3 SInv} (You found it on level 8 of the Dungeon)
 10994 | D:8      | Reached **** piety under Makhleb
 11050 | D:8      | Reached skill level 6 in Armour
 11288 | D:8      | Found Haqioju's Distillery.
 11419 | D:8      | Reached skill level 7 in Armour
 11449 | D:8      | Noticed a three-headed hydra
 11468 | D:8      | Killed a one-headed hydra
 11468 | D:8      | Reached skill level 8 in Armour
 11473 | D:8      | Reached XP level 11. HP: 89/89 MP: 11/11
 11825 | D:8      | Reached skill level 9 in Armour
 11962 | D:9      | Found a broken altar of Ashenzari.
 11984 | D:9      | Noticed Maurice
 12005 | D:9      | Found an ancient bone altar of Kikubaaqudgha.
 12005 | D:9      | Found a radiant altar of Vehumet.
 12006 | D:9      | Found a hazy altar of Hepliaklqana.
 12342 | D:9      | Killed Maurice
 12342 | D:9      | Reached skill level 10 in Armour
 12457 | D:9      | Reached ***** piety under Makhleb
 12469 | D:9      | Reached skill level 11 in Armour
 12925 | D:9      | Found a shimmering blue altar of Sif Muna.
 12925 | D:9      | Found a glowing silver altar of Zin.
 13139 | D:10     | Entered Level 10 of the Dungeon
 13144 | D:10     | Noticed Josephine
 13148 | D:10     | Noticed Fannar
 13160 | D:10     | Killed Josephine
 13419 | D:10     | Reached skill level 12 in Armour
 13451 | D:10     | Killed Fannar
 13587 | D:10     | Noticed a death yak
 13587 | D:10     | Noticed a death yak
 13588 | D:10     | Noticed a death yak
 13592 | D:10     | Noticed a death yak
 13595 | D:10     | Noticed a death yak
 13607 | D:10     | Killed a death yak
 13615 | D:10     | Killed a death yak
 13615 | D:10     | Reached skill level 13 in Armour
 13615 | D:10     | Reached XP level 12. HP: 86/95 MP: 12/12
 13623 | D:10     | Killed a death yak
 13636 | D:10     | Killed a death yak
 13677 | D:9      | Slain by a death yak

Illustrated notes

Levels and vault maps discovered:
D:1:      psy_arrival_fountain, layout_basic
D:2:      layout_basic, kennysheep_slug_shrine, lemuel_coloured_pillars_altar,
          serial_undead, serial_undead_e, serial_undead_e, serial_undead_c,
          serial_undead_e, minmay_misc_feat_diagonals, minmay_pentomino_x4
D:3:      layout_basic, lemuel_round_altar, ebering_ghost_disaster_area,
          hex_medium
D:4:      cheibrodos_old_hovel, layout_basic, serial_shops, shop, uniq_grinder
D:5:      layout_basic, lemuel_crystal_altar, minmay_temple_entry_tees,
          chequers_serial_rivers_micro_d, lemuel_altar_in_water
D:6:      layout_basic, cheibrodos_sewer_entry_sluice
D:7:      layout_basic, elyvilon_altar_1, gammafunk_temple_overflow_statue,
          nicolae_ossuary_entry_giza
D:8:      layout_basic, grunt_gozag_statues, serial_shops, shop, hangedman_ranch
          [blue_anna_fruit_fields]
D:9:      layout_rooms, gammafunk_temple_overflow_elements,
          nicolae_overflow_hidden_temple, basic_altar, uniq_maurice
D:10:     layout_loops_ring, dpeg_lair_monsters, serial_shops, kennysheep_mini,
          minmay_misc_feat_pillars, minmay_fractal_squares_gapless_5,
          uniq_josephine, uniq_fannar
Temple:   jpeg_temple_island

Skill      XL: |  1  2  3  4  5  6  7  8  9 10 11 |
---------------+----------------------------------+-----
Axes           | 3 4 5 6 7 9 |  9.5
Armour         | 2 3 5 8 13 | 13.7
Fighting       | 4 5 6 8 9 |  9.0
Dodging        | 2 4 5 |  5.5
Stealth        | |  6.0

Action                   |  1- 3 |  4- 6 |  7- 9 | 10-12 || total
-------------------------+-------+-------+-------+-------++-------
Melee: Hand axe          |    34 |    83 |       |       ||   117
       War axe           |       |   167 |   528 |   248 ||   943
       Falchion          |       |       |       |     5 ||     5
       Battleaxe         |       |       |       |   160 ||   160
Throw: Stone             |     3 |       |       |       ||     3
       Dart              |       |       |    22 |       ||    22
       Boomerang         |       |       |     2 |       ||     2
Invok: Lesser Servant of |       |       |       |     1 ||     1
 Abil: Dig               |     1 |     5 |     5 |    14 ||    25
       Shaft Self        |       |       |       |     1 ||     1
Evoke: Wand              |       |       |     2 |       ||     2
  Use: Scroll            |     1 |     5 |     9 |     7 ||    22
       Potion            |       |       |     5 |     6 ||    11
 Stab: Sleeping          |     1 |    15 |     6 |     1 ||    23
Armor: Leather armour    |     8 |    55 |   126 |     4 ||   193
       Ring mail         |       |    15 |       |       ||    15
       Scale mail        |       |    20 |    81 |       ||   101
       Chain mail        |       |       |       |   395 ||   395
       Skin              |       |       |       |    29 ||    29
Dodge: Dodged            |    23 |   138 |   331 |   325 ||   817
       Rpst.: Falchion   |       |       |       |     2 ||     2

Table legend: (Time is in decaauts)
 A = Elapsed time spent in this place.
 B = Non-inter-level travel time spent in this place.
 C = Inter-level travel time spent in this place.
 D = Time resting spent in this place.
 E = Time spent auto-exploring this place.
 F = Levels seen in this place.
 G = Mean time per level.
                   A        B        C        D        E       F      G
               +--------+--------+--------+--------+--------+-----+--------+
         Total |  13904 |  13251 |    653 |   3191 |   5577 |  13 | 1069.5 |
       Dungeon |  12420 |  11779 |    641 |   2975 |   4883 |  10 | 1242.0 |
        Temple |     73 |     61 |     12 |      0 |     46 |   1 |   73.0 |
         Sewer |   1109 |   1109 |      0 |    216 |    567 |   1 | 1109.0 |
       Ossuary |    300 |    300 |      0 |      0 |     80 |   1 |  300.0 |
               +--------+--------+--------+--------+--------+-----+--------+

Top non-repeatable levels by time:
     D:4: 2460 daAuts
     D:8: 1501 daAuts
     D:5: 1401 daAuts
     D:9: 1355 daAuts
     D:7: 1200 daAuts
     D:1: 1175 daAuts
   Sewer: 1109 daAuts
     D:3: 1104 daAuts
     D:2: 1005 daAuts
     D:6: 910 daAuts
    D:10: 307 daAuts
 Ossuary: 300 daAuts
  Temple: 73 daAuts
